 Dungeon Crawl Stone Soup version 0.30.1-3-gfc49f6343a (webtiles) character file.

Game seed: 5141731924817700150

30 GeoRichter the Sneak (level 3, 0/18 HPs)
             Began as a Vine Stalker Brigand on Aug 8, 2023.
             Slain by Natasha (5 damage)
             ... on level 2 of the Dungeon.
             The game lasted 00:01:12 (999 turns).

GeoRichter the Sneak (Vine Stalker Brigand)          Turns: 999, Time: 00:01:13

Health: 0/18       AC:  6    Str: 13    XL:     3   Next: 20%
Magic:  0/4        EV: 14    Int: 13    God:
Gold:   24         SH:  3    Dex: 15    Spells: 2/2 levels left

rFire   . . .        a - +2 dagger
rCold   . . .        k - +0 buckler
rNeg    . . .        j - +0 ring mail
rPois   .            (no helmet)
rElec   .            c - +0 cloak
rCorr   .            (no gloves)
SInv    .            (no boots)
Will    .....        (no amulet)
Stlth   ++           i - +5 ring of evasion
HPRegen 0.23/turn    (no ring)
MPRegen 0.09/turn

%: guardian spirit
@: no status effects
A: fangs 2, magic shield, antimagic bite, no potion heal 2
a: no special abilities


You were on level 2 of the Dungeon.
You visited 1 branch of the dungeon, and saw 2 of its levels.

You collected 24 gold pieces.

Inventory:

Hand Weapons
 a - a +2 dagger (weapon)
Missiles
 d - 13 poisoned darts (quivered)
 e - 3 curare-tipped darts {!f}
Armour
 c - a +0 cloak (worn)
 j - a +0 ring mail (worn)
   (You found it on level 1 of the Dungeon)
 k - a +0 buckler (worn)
   (You found it on level 1 of the Dungeon)
Jewellery
 i - a +5 ring of evasion (left hand)
   (You found it on level 1 of the Dungeon)
Scrolls
 b - a scroll of immolation {unknown}
 f - 3 scrolls of identify {unknown}
Potions
 g - a potion of haste {unknown}
 h - a potion of heal wounds {unknown}


   Skills:
 - Level 1.7 Fighting
 * Level 3.2 Short Blades
 - Level 1.7 Throwing
 - Level 0.7 Dodging
 - Level 4.8 Stealth


You had 2 spell levels left.
You didn't know any spells.
Your spell library was empty.

Dungeon Overview and Level Annotations

Branches:
Dungeon (2/15) Zot: 11010

Altars:

Annotations:
D:2 Natasha


Innate Abilities, Weirdness & Mutations

You have extremely sharp teeth.
When hurt, damage is shared between your health and your magic reserves.
Your bite disrupts and absorbs the magic of your enemies.
Potions cannot restore your health.


Message History

The kobold throws a stone.
You block the stone. You block the rat's attack.
You barely miss Natasha. Your bite misses Natasha.
The rat bites you but does no damage.
Natasha wildly gestures.
You feel disoriented. Natasha misses you.
You hit Natasha. Your bite misses Natasha.
Natasha is lightly wounded.
The rat bites you but does no damage. Natasha claws you.
You hit Natasha but do no damage. Your bite misses Natasha.
Natasha is lightly wounded.
The rat closely misses you. Natasha claws you.
You completely miss Natasha. Your bite misses Natasha.
Natasha is lightly wounded.
The rat bites you but does no damage. Natasha closely misses you.
You hit Natasha. You bite Natasha.
Natasha's magic leaks into the air.
You drain her magic.
You feel invigorated.
Natasha is heavily wounded.
You block the kobold's attack. The rat closely misses you. Natasha misses you.
You closely miss Natasha.
Natasha is heavily wounded.
The kobold hits you with a +0 whip. The rat barely misses you.
Natasha claws you.
* * * LOW HITPOINT WARNING * * *
You barely miss Natasha.
Natasha is heavily wounded.
You block the kobold's attack. The rat bites you but does no damage.
Natasha misses you.
You closely miss Natasha.
Natasha is heavily wounded.
The rat misses you. The kobold misses you. Natasha claws you.
* * * LOW HITPOINT WARNING * * *
You closely miss Natasha. You bite Natasha.
Natasha's magic leaks into the air.
You drain her magic.
You feel invigorated.
Natasha is severely wounded.
The rat closely misses you. The kobold hits you but does no damage.
You closely miss Natasha. You bite Natasha.
Natasha's magic leaks into the air.
You drain her magic.
Natasha is almost dead.
Natasha stares at you and mumbles some strange words.
The magic dart hits you.
* * * LOW HITPOINT WARNING * * *
The rat bites you.
* * * LOW HITPOINT WARNING * * *
The kobold closely misses you.
You closely miss Natasha. Your bite misses Natasha.
Natasha is almost dead.
Natasha claws you!
You die...

.. #.# # ###.#
#. ##.#.## #
#.. ..#.. .#
#...##†#.##.##
#....<.#.....#
###.#........#
# ####@h...#
+rK......
#.....###
#.....#
#.....#
#.....#
#.....#
#####.#


You could see Natasha (magic disrupted), a kobold and a rat.

Vanquished Creatures
  4 endoplasms (D:1)
  2 goblins (D:1)
  4 hobgoblins (D:1)
  4 jackals (D:1)
  3 kobolds (D:1)
  2 ball pythons
  A bat (D:1)
  5 frilled lizards (D:1)
  3 rats (D:1)
28 creatures vanquished.

Notes
Turn   | Place    | Note
-------+----------+-------------------------------------------
     0 | D:1      | GeoRichter the Vine Stalker Brigand began the quest for the
                  | Orb.
     0 | D:1      | Reached XP level 1. HP: 11/11 MP: 2/2
   240 | D:1      | Reached XP level 2. HP: 15/15 MP: 3/3
   653 | D:1      | Reached XP level 3. HP: 17/18 MP: 4/4
   984 | D:2      | Noticed Natasha
   999 | D:2      | Slain by Natasha

Illustrated notes

Levels and vault maps discovered:
D:1:      giann_wishing_wells, layout_basic
D:2:      minmay_diamond_boxcup, layout_basic, uniq_natasha

Skill      XL: |  1  2 |
---------------+-------+-----
Short Blades   | 2 3 |  3.2
Fighting       | |  1.7
Throwing       | |  1.7
Dodging        | |  0.7
Stealth        | |  4.8

Action                     || total
---------------------------++-------
  Melee: Dagger            ||    78
         Bite              ||    12
  Throw: Dart              ||     4
   Stab: Sleeping          ||     7
 Armour: Robe              ||    10
         Ring mail         ||     5
  Dodge: Dodged            ||    39
  Block: Buckler           ||     4
